 Dungeon Crawl Stone Soup version 0.30-a0-777-ga9a30cbeda (webtiles) character file.

Game seed: 17630899424426955973

462 Dustman the Cutter (level 6, -5/51 HPs)
             Began as a Demonspawn Fighter on Feb 13, 2023.
             Splashed by a jelly's acid (11 damage)
             ... on level 5 of the Dungeon.
             The game lasted 00:12:12 (1627 turns).

Dustman the Cutter (Demonspawn Fighter)             Turns: 1627, Time: 00:12:13

Health: -5/51      AC: -1    Str: 14 (17) XL:     6   Next: 79%
Magic:  6/6        EV: 13    Int:  8 (9)  God:
Gold:   153        SH:  4    Dex: 13 (14) Spells: 5/5 levels left

rFire   . . .      SeeInvis .    a - +0 rapier
rCold   . . .      Faith    .    c - +0 buckler
rNeg    . . .      Spirit   .    b - +0 scale mail
rPois   .          Reflect  .    (no helmet)
rElec   .          Harm     .    (no cloak)
rCorr   .          Rampage  .    e - +1 pair of gloves
Will    .....                    (no boots) Stlth
                                 (no amulet)
HPRegen 0.28/turn                s - +5 ring of evasion
MPRegen 0.10/turn                (no ring)

@: corroded, attractive
A: molten scales 1, demonic magic 1
a: no special abilities


You were on level 5 of the Dungeon.
You visited 1 branch of the dungeon, and saw 5 of its levels.

You collected 153 gold pieces.

Inventory:

Hand Weapons
 a - a +0 rapier (weapon)
Armour
 b - a +0 scale mail (worn)
 c - a +0 buckler (worn)
 e - a +1 pair of gloves (worn)
 m - a +2 robe of resistance
Jewellery
 o - a ring of wizardry
 s - a +5 ring of evasion (left hand)
Scrolls
 g - a scroll of identify
 i - a scroll of blinking {unknown}
 l - a scroll of amnesia {unknown}
 p - a scroll of poison {unknown}
 q - 2 scrolls of enchant armour {unknown}
Potions
 d - a potion of flight {unknown}
 f - a potion of haste
 v - a potion of berserk rage


   Skills:
 + Level 5.0 Fighting
 * Level 5.6 Short Blades
 - Level 2.6 Armour
 - Level 2.6 Shields


You had 5 spell levels left.
You didn't know any spells.
Your spell library contained the following spells:

 Spells                   Type           Power      Damage    Failure   Level
 Apportation              Tloc           0%         N/A       94%         1
 Summon Small Mammal      Summ           0%         N/A       94%         1
 Blink                    Tloc           0%         N/A       98%         2
 Lesser Beckoning         Tloc           0%         N/A       98%         2
 Momentum Strike          Conj/Tloc      0%         3d8       98%         2
 Call Canine Familiar     Summ           0%         N/A       100%        3
 Summon Guardian Golem    Hex/Summ       0%         N/A       100%        3
 Alistair's Intoxication  Tmut/Pois      0%         N/A       100%        5


Dungeon Overview and Level Annotations

Branches:
Dungeon (5/15)
 Temple: D:4-7

Altars:
Ashenzari
Nemelex Xobeh

Annotations:
D:5 Grinder


Innate Abilities, Weirdness & Mutations

You are partially covered in molten scales. (AC +2)
Spells you cast may paralyse adjacent enemies.


Message History

The hound is almost dead.
The hound bites you but does no damage.
Grinder blinks!
You block the hound's attack.
You hit the hound.
You kill the hound!
The jelly is attracted toward you.
Your Fighting skill increases to level 5!
A jelly is nearby!
The jelly quivers.
The jelly is attracted toward you. Grinder is attracted toward you.
The jelly attacks as you move away! The jelly hits you but does no damage.
You hit the jelly.
Your hands burn!
The jelly is lightly wounded.
The jelly hits you but does no damage.
You hit the jelly.
Your hands burn!
The jelly is lightly wounded.
The jelly barely misses you.
You hit the jelly. The acid corrodes you!
Your hands burn!
The jelly is moderately wounded.
The jelly hits you but does no damage.
You hit the jelly. The acid corrodes you!
Your hands burn!
The jelly is moderately wounded.
The jelly hits you.
You are splashed with acid!
You hit the jelly.
Your hands burn!
The jelly is moderately wounded.
The jelly hits you. The acid corrodes you!
You are splashed with acid!
You hit the jelly but do no damage.
Your hands burn!
The jelly is moderately wounded.
The jelly closely misses you.
You hit the jelly.
Your hands burn!
* * * LOW HITPOINT WARNING * * *
The jelly is heavily wounded.
The jelly barely misses you.
You hit the jelly.
Your hands burn!
* * * LOW HITPOINT WARNING * * *
The jelly is heavily wounded.
The jelly hits you.
* * * LOW HITPOINT WARNING * * *
The acid corrodes you!
You are splashed with acid!
You die...

###.....§### .#
§.§........ .#
#......## #.#
#...>†5########.#
#......#........#
#....§.#........#
#......#........#
#######J......#.#######
#.@...............#
#.........#†#####.
#...###.###.# #...#
#.###.# ##### #.#...#
#.##.## #.######.#
#........# ##########


You could see a jelly.

Vanquished Creatures
  An ogre (D:5)
  A phantom (D:5)
  A gnoll sergeant (D:5)
  A scorpion (D:5)
  2 hounds
  An iguana (D:5)
  A gnoll (D:5)
  3 adders
  A worm (D:2)
  3 dart slugs
  2 orcs (D:3)
  7 ball pythons
  4 endoplasms
  3 giant cockroaches
  3 hobgoblins
  8 jackals
  4 kobolds
  2 quokkas
  5 bats
  A frilled lizard (D:2)
  2 goblins (D:2)
  7 rats
63 creatures vanquished.

Notes
Turn   | Place    | Note
-------+----------+-------------------------------------------
     0 | D:1      | Dustman the Demonspawn Fighter began the quest for the Orb.
     0 | D:1      | Reached XP level 1. HP: 18/18 MP: 1/1
   126 | D:1      | Gained mutation: You are partially covered in molten
                  | scales. (AC +2) [demonic ancestry]
   126 | D:1      | Reached XP level 2. HP: 23/24 MP: 2/2
   323 | D:2      | Reached XP level 3. HP: 27/29 MP: 3/3
   364 | D:2      | Found a broken altar of Ashenzari.
   985 | D:4      | Reached XP level 4. HP: 36/37 MP: 4/4
  1118 | D:4      | Found a sparkling altar of Nemelex Xobeh.
  1184 | D:5      | Entered Level 5 of the Dungeon
  1204 | D:5      | Noticed an ogre
  1204 | D:5      | Noticed a phantom
  1218 | D:5      | Killed an ogre
  1219 | D:5      | Reached XP level 5. HP: 27/42 MP: 5/5
  1224 | D:5      | Killed a phantom
  1225 | D:5      | Gained mutation: Spells you cast may paralyse adjacent
                  | enemies. [demonic ancestry]
  1225 | D:5      | Reached XP level 6. HP: 34/49 MP: 6/6
  1308 | D:5      | Reached skill level 5 in Short Blades
  1605 | D:5      | Noticed Grinder
  1618 | D:5      | Reached skill level 5 in Fighting
  1627 | D:5      | Splashed by a jelly's acid

Illustrated notes

Levels and vault maps discovered:
D:1:      eino_arrival_water_star, layout_rooms
D:2:      layout_basic, basic_altar
D:3:      layout_loops_ring
D:4:      layout_loops_ring, nemelex_spade_bored_becter
D:5:      layout_basic, serial_park_tiny_2, uniq_grinder

Skill      XL: |  1  2  3  4  5  6 |
---------------+-------------------+-----
Short Blades   | 2 3 4 5 |  5.6
Fighting       | 4 5 |  5.0
Armour         | |  2.6
Shields        | |  2.6

Action                     |  1- 3 |  4- 6 || total
---------------------------+-------+-------++-------
  Melee: Rapier            |   172 |   133 ||   305
    Use: Scroll            |       |     8 ||     8
         Potion            |       |     8 ||     8
 Armour: Scale mail        |   104 |    32 ||   136
         Skin              |       |    19 ||    19
  Dodge: Dodged            |    64 |    67 ||   131
  Block: Buckler           |    35 |    27 ||    62

Table legend: (Time is in decaauts)
 A = Elapsed time spent in this place.
 B = Non-inter-level travel time spent in this place.
 C = Inter-level travel time spent in this place.
 D = Time resting spent in this place.
 E = Time spent auto-exploring this place.
 F = Levels seen in this place.
 G = Mean time per level.
                   A        B        C        D        E       F      G
               +--------+--------+--------+--------+--------+-----+--------+
         Total |   1639 |   1639 |      0 |    162 |    459 |   5 |  327.8 |
       Dungeon |   1639 |   1639 |      0 |    162 |    459 |   5 |  327.8 |
               +--------+--------+--------+--------+--------+-----+--------+

Top non-repeatable levels by time:
     D:2: 496 daAuts
     D:5: 433 daAuts
     D:1: 295 daAuts
     D:4: 246 daAuts
     D:3: 167 daAuts
